TOP OF THE 1ST |
Wilmington Rebels batting - Pitching for Kingston Iguanas : RHP Leonardo Lorenzo
|
Pitching: RHP Leonardo Lorenzo
|
|
Batting: RHB Jesús Cabrera
|
0-0: Called Strike 0-1: Foul Ball, location: 2F 0-2: Ball 1-2: Foul Ball, location: 2F 1-2: Foul Ball, location: 2F 1-2: Foul Ball, location: 2F 1-2: SOLO HOME RUN (Flyball, 8LXD), Distance : 433 ft
|
Batting: RHB Jeff Jones
|
0-0: SINGLE (Groundball, 56D)
|
Batting: LHB Denny Poole
|
0-0: Ball 1-0: Ball 2-0: Ball 3-0: Called Strike 3-1: Base on Balls Jeff Jones to second
|
Batting: RHB Vicente Valentín
|
0-0: Called Strike 0-1: Ball 1-1: Grounds into double play, 6-4-3 (Groundball, 6) Jeff Jones to third
|
Batting: RHB Carlos Ordóńez
|
0-0: Called Strike 0-1: Fly out, F8 (Flyball, 8RS)
|
Top of the 1st over - 1 run(s), 2 hit(s), 0 error(s), 1 left on base; Wilmington 1 - Kingston 0 |
BOTTOM OF THE 1ST |
Kingston Iguanas batting - Pitching for Wilmington Rebels : LHP Guy Sewell
|
Pitching: LHP Guy Sewell
|
|
Batting: RHB Tim Davis
|
0-0: Ball 1-0: Swinging Strike 1-1: SINGLE (Line Drive, 9S)
|
Batting: RHB Bill Crawley
|
0-0: Ball 1-0: Called Strike 1-1: Foul Ball, location: 2F 1-2: Ball 2-2: Ball 3-2: Foul Ball, location: 2F 3-2: Foul Ball, location: 2F 3-2: Fly out, F8 (Line Drive, 8LM)
|
Batting: LHB Poto Vasilini
|
0-0: Ball 1-0: Called Strike Tim Davis steals 2nd base 1-1: Ball 2-1: Swinging Strike 2-2: Ball 3-2: Base on Balls
|
Batting: RHB Diego Francisco
|
0-0: Ball 1-0: Called Strike 1-1: 3-RUN HOME RUN (Flyball, 78XD), Distance : 410 ft
|
Batting: LHB Billy Anderson
|
0-0: Ground out 6-3 (Groundball, 6)
|
Batting: RHB Salvador Vega
|
0-0: Called Strike 0-1: Called Strike 0-2: Ball 1-2: Ball 2-2: Foul Ball, location: 2F 2-2: Strikes out swinging
|
Bottom of the 1st over - 3 run(s), 2 hit(s), 0 error(s), 0 left on base; Wilmington 1 - Kingston 3 |
TOP OF THE 2ND |
Wilmington Rebels batting - Pitching for Kingston Iguanas : RHP Leonardo Lorenzo
|
Batting: RHB Al Reese
|
0-0: Foul Ball, location: 2F 0-1: Bunted foul 0-2: DOUBLE (Line Drive, 8LM)
|
Batting: RHB Jessie Thompson
|
0-0: Called Strike 0-1: Ball Passed Ball! Al Reese to third 1-1: Foul Ball, location: 2F 1-2: Ground out 1-3 (Groundball, 23)
|
Batting: LHB Tim Bruce
|
0-0: Called Strike 0-1: Ball 1-1: Ball 2-1: Fly out, F6 (Popup, 78S)
|
Batting: RHB Chan-seok O
|
0-0: Fly out, F4 (Line Drive, 4M)
|
Top of the 2nd over - 0 run(s), 1 hit(s), 0 error(s), 1 left on base; Wilmington 1 - Kingston 3 |
BOTTOM OF THE 2ND |
Kingston Iguanas batting - Pitching for Wilmington Rebels : LHP Guy Sewell
|
Batting: RHB Mike Johnson
|
0-0: Called Strike 0-1: Foul Ball, location: 2F 0-2: Strikes out swinging
|
Batting: LHB Juan Romero
|
0-0: Ball 1-0: Ball 2-0: SINGLE (Groundball, 34D)
|
Batting: RHB Bobby Armstrong
|
0-0: Ball 1-0: Ground out U3 (Groundball, 3S) Juan Romero to second
|
Batting: RHB Tim Davis
|
0-0: Fly out, F3 (Popup, 3SF)
|
Bottom of the 2nd over - 0 run(s), 1 hit(s), 0 error(s), 1 left on base; Wilmington 1 - Kingston 3 |
TOP OF THE 3RD |
Wilmington Rebels batting - Pitching for Kingston Iguanas : RHP Leonardo Lorenzo
|
Batting: RHB Jesús Cabrera
|
0-0: Called Strike 0-1: Foul Ball, location: 2F 0-2: Ball 1-2: Strikes out swinging
|
Batting: RHB Jeff Jones
|
0-0: Ball 1-0: Foul Ball, location: 2F 1-1: Swinging Strike 1-2: Ball 2-2: Foul Ball, location: 2F 2-2: Foul Ball, location: 2F 2-2: Ball 3-2: Base on Balls
|
Batting: LHB Denny Poole
|
0-0: Ball 1-0: Called Strike 1-1: Called Strike 1-2: Foul Ball, location: 2F 1-2: Foul Ball, location: 2F 1-2: Foul Ball, location: 2F 1-2: Ball 2-2: Ball Wild Pitch! Jeff Jones to second 3-2: Ground out 6-3 (Groundball, 6S) Jeff Jones to third
|
Batting: RHB Vicente Valentín
|
0-0: Ball 1-0: Called Strike 1-1: Foul Ball, location: 2F 1-2: Foul Ball, location: 2F 1-2: Ball 2-2: Strikes out swinging
|
Top of the 3rd over - 0 run(s), 0 hit(s), 0 error(s), 1 left on base; Wilmington 1 - Kingston 3 |
BOTTOM OF THE 3RD |
Kingston Iguanas batting - Pitching for Wilmington Rebels : LHP Guy Sewell
|
Batting: RHB Bill Crawley
|
0-0: Ground out 5-3 (Groundball, 56)
|
Batting: LHB Poto Vasilini
|
0-0: Ball 1-0: Ball 2-0: Foul Ball, location: 2F 2-1: Swinging Strike 2-2: Strikes out swinging
|
Batting: RHB Diego Francisco
|
0-0: Ball 1-0: Foul Ball, location: 2F 1-1: Ball 2-1: Ball 3-1: Called Strike 3-2: Base on Balls
|
Batting: LHB Billy Anderson
|
0-0: Swinging Strike 0-1: Ball 1-1: Ground out 5-3 (Groundball, 56S)
|
Bottom of the 3rd over - 0 run(s), 0 hit(s), 0 error(s), 1 left on base; Wilmington 1 - Kingston 3 |
TOP OF THE 4TH |
Wilmington Rebels batting - Pitching for Kingston Iguanas : RHP Leonardo Lorenzo
|
Batting: RHB Carlos Ordóńez
|
0-0: Ball 1-0: Swinging Strike 1-1: Ball 2-1: Ball 3-1: Foul Ball, location: 2F 3-2: Fly out, F9 (Popup, 9S)
|
Batting: RHB Al Reese
|
0-0: Ball 1-0: Foul Ball, location: 2F 1-1: Called Strike 1-2: Ball 2-2: SINGLE (Line Drive, 34)
|
Batting: RHB Jessie Thompson
|
0-0: Ball 1-0: Called Strike Al Reese steals 2nd base 1-1: Ball 2-1: Fly out, F2 (Popup, 2RF)
|
Batting: LHB Tim Bruce
|
0-0: Ball 1-0: Swinging Strike 1-1: Called Strike 1-2: Ball 2-2: Strikes out looking
|
Top of the 4th over - 0 run(s), 1 hit(s), 0 error(s), 1 left on base; Wilmington 1 - Kingston 3 |
BOTTOM OF THE 4TH |
Kingston Iguanas batting - Pitching for Wilmington Rebels : LHP Guy Sewell
|
Batting: RHB Salvador Vega
|
0-0: Ground out 6-3 (Groundball, 6)
|
Batting: RHB Mike Johnson
|
0-0: Ball 1-0: Called Strike 1-1: Ground out U3 (Groundball, 3S)
|
Batting: LHB Juan Romero
|
0-0: Foul Ball, location: 2F 0-1: Ball 1-1: Foul Ball, location: 2F 1-2: Fly out, F8 (Flyball, 8LXD)
|
Bottom of the 4th over - 0 run(s), 0 hit(s), 0 error(s), 0 left on base; Wilmington 1 - Kingston 3 |
TOP OF THE 5TH |
Wilmington Rebels batting - Pitching for Kingston Iguanas : RHP Leonardo Lorenzo
|
Batting: RHB Chan-seok O
|
0-0: Called Strike 0-1: Ball 1-1: Foul Ball, location: 2F 1-2: Ground out 5-3 (Groundball, 56)
|
Batting: RHB Jesús Cabrera
|
0-0: SINGLE (Groundball, 25) (infield hit)
|
Batting: RHB Jeff Jones
|
0-0: Ball 1-0: Foul Ball, location: 2F 1-1: Ball 2-1: Ball 3-1: Called Strike 3-2: Strikes out swinging Jesús Cabrera steals 2nd base Batter strikes out.
|
Pitching: LHP Joe Hazelwood
|
|
Batting: LHB Denny Poole
|
0-0: Ball 1-0: Ball 2-0: Foul Ball, location: 2F 2-1: Called Strike 2-2: Foul Ball, location: 2F 2-2: Ball Wild Pitch! Jesús Cabrera to third 3-2: Strikes out looking
|
Top of the 5th over - 0 run(s), 1 hit(s), 0 error(s), 1 left on base; Wilmington 1 - Kingston 3 |
BOTTOM OF THE 5TH |
Kingston Iguanas batting - Pitching for Wilmington Rebels : LHP Guy Sewell
|
Batting: RHB Bobby Armstrong
|
0-0: Swinging Strike 0-1: Ball 1-1: Swinging Strike 1-2: TRIPLE (Flyball, 9D)
|
Batting: RHB Tim Davis
|
0-0: Intentional Walk
|
Batting: RHB Bill Crawley
|
0-0: Ball 1-0: Ball 2-0: Ball 3-0: Called Strike 3-1: Grounds into double play, 4-6-3 (Groundball, 4) Bobby Armstrong scores
|
Batting: LHB Poto Vasilini
|
0-0: Called Strike 0-1: Swinging Strike 0-2: Ball 1-2: Strikes out looking
|
Bottom of the 5th over - 1 run(s), 1 hit(s), 0 error(s), 0 left on base; Wilmington 1 - Kingston 4 |
TOP OF THE 6TH |
Wilmington Rebels batting - Pitching for Kingston Iguanas : LHP Joe Hazelwood
|
Batting: RHB Vicente Valentín
|
0-0: Ball 1-0: Ball 2-0: Foul Ball, location: 2F 2-1: Foul Ball, location: 2F 2-2: Ball 3-2: Foul Ball, location: 2F 3-2: Strikes out swinging
|
Batting: RHB Carlos Ordóńez
|
0-0: Ball 1-0: Ball 2-0: Foul Ball, location: 2F 2-1: Fly out, F7 (Line Drive, 78M)
|
Batting: RHB Al Reese
|
0-0: Called Strike 0-1: Swinging Strike 0-2: Strikes out swinging
|
Top of the 6th over - 0 run(s), 0 hit(s), 0 error(s), 0 left on base; Wilmington 1 - Kingston 4 |
BOTTOM OF THE 6TH |
Kingston Iguanas batting - Pitching for Wilmington Rebels : LHP Guy Sewell
|
Batting: RHB Diego Francisco
|
0-0: Called Strike 0-1: Ball 1-1: Hit by Pitch
|
Batting: LHB Billy Anderson
|
0-0: Ball 1-0: Ball 2-0: Ball 3-0: Called Strike 3-1: Foul Ball, location: 2F 3-2: Strikes out looking
|
Batting: RHB Salvador Vega
|
0-0: Ball 1-0: Ball 2-0: Called Strike 2-1: Ball 3-1: Foul Ball, location: 2F 3-2: Foul Ball, location: 2F Single, Error in OF, E9, batter to second base Diego Francisco to third
|
Batting: RHB Mike Johnson
|
0-0: Ball 1-0: Called Strike 1-1: Fly out, F8 (Flyball, 8RM) Runner from 3rd tags up, SCORES, throw made
|
Pitching: LHP Juan Cruz
|
|
Batting: LHB Juan Romero
|
0-0: Ground out 6-3 (Groundball, 6M)
|
Bottom of the 6th over - 1 run(s), 1 hit(s), 1 error(s), 1 left on base; Wilmington 1 - Kingston 5 |
TOP OF THE 7TH |
Wilmington Rebels batting - Pitching for Kingston Iguanas : LHP Joe Hazelwood
|
Batting: RHB Jessie Thompson
|
0-0: Called Strike 0-1: Ball 1-1: Ball 2-1: Ball 3-1: Fly out, F8 (Flyball, 8LS)
|
Batting: LHB Tim Bruce
|
0-0: Ball 1-0: Swinging Strike 1-1: Foul Ball, location: 2F 1-2: Foul Ball, location: 2F 1-2: Ball 2-2: Ball 3-2: Strikes out looking
|
Pitching: RHP Robert Alexander
|
|
Batting: RHB Chan-seok O
|
0-0: Ball 1-0: Ball 2-0: Ball 3-0: Base on Balls
|
Batting: RHB Jesús Cabrera
|
0-0: Called Strike 0-1: SINGLE (Groundball, 4M) Chan-seok O to second
|
Batting: RHB Jeff Jones
|
0-0: Ball 1-0: Called Strike 1-1: Ball 2-1: Ball 3-1: Base on Balls Chan-seok O to third Jesús Cabrera to second
|
Batting: LHB Denny Poole
|
0-0: Ball 1-0: Foul Ball, location: 2F 1-1: Called Strike 1-2: Ground out 4-3 (Groundball, 4)
|
Top of the 7th over - 0 run(s), 1 hit(s), 0 error(s), 3 left on base; Wilmington 1 - Kingston 5 |
BOTTOM OF THE 7TH |
Kingston Iguanas batting - Pitching for Wilmington Rebels : LHP Juan Cruz
|
Batting: RHB Bobby Armstrong
|
0-0: Swinging Strike 0-1: Ball 1-1: Ball 2-1: Called Strike 2-2: Strikes out swinging
|
Batting: RHB Tim Davis
|
0-0: Ball 1-0: SINGLE (Line Drive, 6D)
|
Batting: RHB Bill Crawley
|
0-0: Ball 1-0: Called Strike 1-1: SINGLE (Groundball, 4MD) Tim Davis to second
|
Batting: LHB Poto Vasilini
|
0-0: Foul Ball, location: 2F 0-1: Ball 1-1: Called Strike 1-2: Foul Ball, location: 2F 1-2: Ball 2-2: Strikes out swinging
|
Batting: RHB Diego Francisco
|
0-0: Ball 1-0: Swinging Strike 1-1: Called Strike 1-2: Ball 2-2: Strikes out swinging
|
Bottom of the 7th over - 0 run(s), 2 hit(s), 0 error(s), 2 left on base; Wilmington 1 - Kingston 5 |
TOP OF THE 8TH |
Wilmington Rebels batting - Pitching for Kingston Iguanas : RHP Robert Alexander
|
Batting: RHB Vicente Valentín
|
0-0: Ball 1-0: Ball 2-0: Ball 3-0: Base on Balls
|
Batting: RHB Carlos Ordóńez
|
0-0: Ball 1-0: Called Strike 1-1: Ball 2-1: Ball 3-1: Fielders Choice at 2nd, 1-6 (Groundball, 13S)
|
Batting: RHB Al Reese
|
0-0: Called Strike 0-1: Ball 1-1: Ball 2-1: Ball 3-1: Base on Balls Carlos Ordóńez to second
|
Pitching: RHP Guo-fang Juan
|
|
Batting: RHB Jessie Thompson
|
0-0: SINGLE (Groundball, 6MD) Carlos Ordóńez to third Al Reese to second Runner from 3rd tries for Home, SAFE, throw made home Al Reese to third Jessie Thompson to second
|
Batting: LHB Tim Bruce
|
0-0: Foul Ball, location: 2F 0-1: Ball 1-1: Ball 2-1: Foul Ball, location: 2F 2-2: Ball 3-2: Fly out, F6 (Popup, 6D)
|
Batting: RHB Chan-seok O
|
0-0: Ball 1-0: Foul Ball, location: 2F 1-1: Called Strike 1-2: Ball 2-2: Strikes out swinging
|
Top of the 8th over - 1 run(s), 1 hit(s), 0 error(s), 2 left on base; Wilmington 2 - Kingston 5 |
BOTTOM OF THE 8TH |
Kingston Iguanas batting - Pitching for Wilmington Rebels : LHP Juan Cruz
|
Batting: LHB Billy Anderson
|
0-0: Called Strike 0-1: Ball 1-1: Foul Ball, location: 2F 1-2: Foul Ball, location: 2F 1-2: Ball 2-2: Ball 3-2: Reached on error, E6 (Groundball, 6M)
|
Batting: RHB Salvador Vega
|
0-0: Ball 1-0: Sac Bunt - play at first, batter OUT! 1-4 Billy Anderson to second
|
Batting: RHB Mike Johnson
|
0-0: Called Strike 0-1: Foul Ball, location: 2F 0-2: SINGLE (Groundball, 56D) Billy Anderson to third
|
Pitching: LHP Edwin King
|
|
Batting: LHB Juan Romero
|
0-0: Ball 1-0: Ball 2-0: Foul Ball, location: 2F 2-1: Ball 3-1: Ground out 3-1 (Groundball, 34S) Billy Anderson scores Mike Johnson to second
|
Pitching: RHP Manuel Ferreira
|
|
Batting: RHB Bobby Armstrong
|
0-0: Ground out 6-3 (Groundball, 6M)
|
Bottom of the 8th over - 1 run(s), 1 hit(s), 1 error(s), 1 left on base; Wilmington 2 - Kingston 6 |
TOP OF THE 9TH |
Wilmington Rebels batting - Pitching for Kingston Iguanas : RHP Guo-fang Juan
|
Batting: RHB Jesús Cabrera
|
0-0: SINGLE (Flyball, 78S)
|
Batting: RHB Jeff Jones
|
0-0: Called Strike 0-1: Foul Ball, location: 2F 0-2: Foul Ball, location: 2F 0-2: Ball 1-2: Ball 2-2: Fly out, F9 (Flyball, 9D)
|
Batting: LHB Denny Poole
|
0-0: Called Strike 0-1: Ball 1-1: Swinging Strike 1-2: Ball 2-2: Foul Ball, location: 2F 2-2: Strikes out swinging
|
Batting: RHB Vicente Valentín
|
0-0: Called Strike 0-1: Ball 1-1: Swinging Strike 1-2: Strikes out looking
|
Top of the 9th over - 0 run(s), 1 hit(s), 0 error(s), 1 left on base; Wilmington 2 - Kingston 6 |
|